 Dungeon Crawl Stone Soup version 0.29.1-15-g9cfb28693d (webtiles) character file.

Game seed: 18318368180070494906

217 Mileena the Sneak (level 5, -9/42 HPs)
             Began as a Draconian Brigand on Apr 17, 2023.
             Splashed by a jelly's acid (10 damage)
             ... on level 5 of the Dungeon.
             The game lasted 00:06:50 (1296 turns).

Mileena the Sneak (Draconian Brigand)               Turns: 1296, Time: 00:06:51

Health: -9/42      AC:  0    Str: 14    XL:     5   Next: 61%
Magic:  1/7        EV: 12    Int: 13    God:
Gold:   93         SH:  0    Dex: 12    Spells: 3/7 levels left

rFire   + . .      SeeInvis .   a - +2 dagger
rCold   . . .      Faith    .   (no shield)
rNeg    . . .      Spirit   .   (body armour unavailable)
rPois   +          Reflect  .   (helmet restricted)
rElec   .          Harm     .   h - +2 cloak
rCorr   .          Rampage  .   (no gloves)
Will    .....                   (no boots)
Stlth   +++.......              l - amulet of Ihamos {rPois rF+ Regen+}
HPRegen 0.94/turn               (no ring)
MPRegen 0.10/turn               (no ring)

@: corroded, very slightly contaminated, invisible
A: AC +5, unfitting armour, cold-blooded
a: no special abilities


You were on level 5 of the Dungeon.
You visited 1 branch of the dungeon, and saw 5 of its levels.

You collected 93 gold pieces.

Inventory:

Hand Weapons
 a - a +2 dagger (weapon)
Missiles
 c - 9 poisoned darts
 d - 3 curare-tipped darts
Armour
 b - a +0 cloak
 h - a +2 cloak (worn)
Jewellery
 l - the amulet of Ihamos (around neck) {rPois rF+ Regen+}
   (You acquired it on level 4 of the Dungeon)

   [amulet of regeneration]

   rF:        It protects you from fire.
   rPois:     It protects you from poison.
   Regen:     It increases your rate of health regeneration.
Scrolls
 e - a scroll of magic mapping
 m - 2 scrolls of poison
Potions
 g - a potion of ambrosia {unknown}
 i - a potion of berserk rage {unknown}
 j - a potion of invisibility
 k - a potion of mutation {unknown}
 o - a potion of attraction {unknown}


   Skills:
 * Level 2.7 Fighting
 * Level 3.1 Short Blades
 * Level 2.3 Throwing
 * Level 1.7 Dodging
 * Level 4.7 Stealth
 * Level 1.5 Spellcasting
 * Level 0.2 Conjurations
 * Level 1.1 Earth Magic


You had 3 spell levels left.
You knew the following spells:

 Your Spells              Type           Power      Damage    Failure   Level
a - Sandblast             Erth           6%         2d5       17%         1
b - Stone Arrow           Conj/Erth      4%         3d7       52%         3

Your spell library contained the following spells:

 Spells                   Type           Power      Damage    Failure   Level
 Passwall                 Tmut/Erth      1%         N/A       32%         2


Dungeon Overview and Level Annotations

Branches:
Dungeon (5/15)
 Temple: D:4-7

Altars:


Innate Abilities, Weirdness & Mutations

Your plain brown scales are hard. (AC +5)
You cannot fit into any form of body armour.
You are cold-blooded and may be slowed by cold attacks.


Message History

The jelly barely misses you.
You hit the jelly.
Your hands burn!
The jelly is moderately wounded.
The jelly closely misses you.
You hit the jelly.
Your hands burn!
You tail-slap the jelly.
The jelly is heavily wounded.
You hit the jelly. The acid corrodes you!
Your hands burn!
The jelly is heavily wounded.
The jelly completely misses you.
You hit the jelly but do no damage.
Your hands burn!
The jelly is heavily wounded.
The jelly hits you but does no damage.
You hit the jelly.
Your hands burn!
The jelly is heavily wounded.
The jelly hits you.
You are splashed with acid.
You barely miss the jelly. You tail-slap the jelly.
The jelly is heavily wounded.
The jelly barely misses you.
You hit the jelly.
Your hands burn!
You tail-slap the jelly, but do no damage.
The jelly is severely wounded.
The jelly hits you. The acid corrodes you!
You are splashed with acid!
* * * LOW HITPOINT WARNING * * *
Unknown command.
Aiming: Sandblast (safe; 17% risk of failure)
Press: ? - help, Q - select action, (/) - cycle Shift-Dir - straight line, f/p - jelly
Aim: a jelly (severely wounded, 100% to hit)
You miscast Sandblast.
You are very lightly contaminated with residual magic.
Nothing appears to happen.
The jelly hits you.
* * * LOW HITPOINT WARNING * * *
The acid corrodes you!
You are splashed with acid!
* * * LOW HITPOINT WARNING * * *
Unknown command.
You fade into invisibility!
The jelly hits you.
* * * LOW HITPOINT WARNING * * *
You are splashed with acid!
You die...

#.#...##... #...
#.#........... #...
##.#...##.(... ####
#............ #
##....#.###..# #
#.....#.#....# #
###+#.#.#....### #
#.#J#.#......#### # #
#)#@#.'.........####
####.#.#.#.#...###.......
.......#...........#.####
#...........#.....
#.#####...###.#.### ...
#...# #.#.# #### #####
..#.# ##.#.# #...#


You could see a jelly.

Vanquished Creatures
  A howler monkey (D:4)
  3 hounds
  A jelly (D:4)
  2 adders (D:3)
  A white imp (D:5)
  An orc (D:4)
  3 endoplasms
  2 giant cockroaches
  2 goblins
  3 hobgoblins
  3 quokkas
  2 bats (D:1)
  A frilled lizard (D:1)
  3 kobolds
  2 rats
30 creatures vanquished.

Notes
Turn   | Place    | Note
-------+----------+-------------------------------------------
     0 | D:1      | Mileena the Draconian Brigand began the quest for the Orb.
     0 | D:1      | Reached XP level 1. HP: 17/17 MP: 1/1
   252 | D:1      | Reached XP level 2. HP: 24/24 MP: 2/2
   371 | D:3      | Reached skill level 4 in Stealth
   377 | D:3      | Reached skill level 1 in Dodging
   481 | D:3      | Reached XP level 3. HP: 28/29 MP: 3/3
   538 | D:3      | Learned a level 1 spell: Sandblast
   604 | D:4      | Reached XP level 4. HP: 37/37 MP: 5/5
   645 | D:4      | Reached skill level 1 in Spellcasting
   672 | D:4      | Reached XP level 5. HP: 25/42 MP: 1/6
   835 | D:4      | Identified a scroll of acquirement
   835 | D:4      | Acquired the amulet of Ihamos {rPois rF+ Regen+}
   849 | D:5      | Entered Level 5 of the Dungeon
  1257 | D:5      | Learned a level 3 spell: Stone Arrow
  1272 | D:5      | Reached skill level 1 in Earth Magic
  1295 | D:5      | HP: 1/42 [acid (9)]
  1296 | D:5      | Splashed by a jelly's acid

Illustrated notes

Levels and vault maps discovered:
D:1:      amcnicky_arrival_wind_blow, layout_loops_ring, serial_glass,
          glass_columns_b, glass_columns_b
D:2:      layout_basic, dreamdust_ecumenical_altar_angels_and_demons,
          uniq_sigmund
D:3:      layout_rooms, zin_scriptorium, old_standard_altar
D:4:      layout_loops_ring, lemuel_mausoleum_altar_kikubaaqudgha,
          cheibrodos_worm_habitat, trog_ov_bears_minmay, minmay_crystal_water,
          hangedman_decor_diamond_cutter, kennysheep_cross_room,
          lightli_minifort
D:5:      layout_basic, marbit_many_paths

Skill      XL: |  1  2  3  4  5 |
---------------+----------------+-----
Stealth        | 4 |  4.7
Dodging        | 1 |  1.7
Throwing       | 2 |  2.3
Spellcasting   | 1 |  1.5
Short Blades   | 3 |  3.1
Earth Magic    | 1 |  1.1
Fighting       | |  2.7
Conjurations   | |  0.2

Action                   |  1- 3 |  4- 6 || total
-------------------------+-------+-------++-------
Melee: Dagger            |    69 |    72 ||   141
       Tailslap          |     5 |     9 ||    14
       Punch             |     1 |     1 ||     2
Throw: Dart              |     5 |       ||     5
 Cast: Sandblast         |       |    17 ||    17
  Use: Scroll            |     2 |     6 ||     8
       Potion            |       |     4 ||     4
 Stab: Sleeping          |     3 |     1 ||     4
Armor: Skin              |    25 |    26 ||    51
Dodge: Dodged            |    37 |    71 ||   108
